[Event "45th FIDE Womens Olympiad 2024"]
[Site "Budapest"]
[Date "2024.09.15"]
[Round "5.177"]
[White "Ravelomanana, Sabine"]
[Black "Ptacnikova, Lenka"]
[Result "0-1"]
[ECO "C42"]
[WhiteElo "1926"]
[BlackElo "2065"]
[PlyCount "90"]
[EventDate "2024.09.05"]
[EventType "team-tourn"]
[EventCountry "HUN"]
[WhiteTeam "Madagascar"]
[BlackTeam "Iceland"]
[WhiteTeamCountry "MAD"]
[BlackTeamCountry "ISL"]
[TimeControl "40/5400+30:1800+30"]

1. e4 e5 2. Nf3 Nf6 3. Nxe5 Nxe4 4. Qe2 Qe7 5. Qxe4 d6 6. Nc3 dxe5 7. Bc4 Nc6 8. O-O Bd7 9. a4 f5 10. Qe1 O-O-O 11. d3 Qh4 12. Ne2 Bd6 13. f4 Bc5+ 14. Kh1 Qxe1 15. Rxe1 Rde8 16. Bd2 exf4 17. Nxf4 Nd4 18. Rxe8+ Rxe8 19. c3 Nc2 20. Rc1 Ne3 21. Bf7 Re7 22. d4 Bd6 23. Bxe3 Rxe3 24. Nd5 Re2 25. b3 c6 26. Nb4 Bf4 27. Rd1 Bd2 28. Bh5 Re7 29. Na2 Re3 30. c4 Rd3 31. Nb4 Rxd4 32. Nc2 Rh4 33. Bf3 Bf4 34. h3 Bg3 35. Kg1 Rh6 36. a5 Rd6 37. Rxd6 Bxd6 38. b4 Be5 39. Kf2 Kc7 40. Ke3 g6 41. Be2 c5 42. Bf3 Bc3 43. bxc5 Bxa5 44. Nd4 Bb4 45. c6 bxc6 {0-} 0-1

[Event "45th FIDE Womens Olympiad 2024"]
[Site "Budapest"]
[Date "2024.09.15"]
[Round "5.178"]
[White "Johannsdottir, Johanna Bjorg"]
[Black "Raharimanana, Faratiana"]
[Result "1-0"]
[ECO "C50"]
[WhiteElo "2013"]
[BlackElo "1815"]
[PlyCount "77"]
[EventDate "2024.09.05"]
[EventType "team-tourn"]
[EventCountry "HUN"]
[WhiteTeam "Iceland"]
[BlackTeam "Madagascar"]
[WhiteTeamCountry "ISL"]
[BlackTeamCountry "MAD"]
[TimeControl "40/5400+30:1800+30"]

1. e4 e5 2. Nf3 Nc6 3. Nc3 Be7 4. d4 d6 5. Bb5 exd4 6. Nxd4 Bd7 7. Nxc6 bxc6 8. Bc4 Nf6 9. O-O O-O 10. h3 Be6 11. Bd3 Nd7 12. f4 f6 13. Be3 Qe8 14. Ne2 d5 15. Nd4 Bc5 16. Qf3 Nb6 17. Kh1 Bxd4 18. Bxd4 Qd7 19. f5 Bf7 20. e5 fxe5 21. Bxe5 c5 22. Qg3 Be8 23. f6 Rf7 24. Bf5 Qc6 25. fxg7 Qh6 26. Rf4 Rxf5 27. Rxf5 Bg6 28. Rf2 Nd7 29. Raf1 Re8 30. Bxc7 Qxg7 31. Qg5 d4 32. Qd5+ Kh8 33. Qg5 c4 34. h4 h6 35. Qg3 h5 36. Qg5 d3 37. Ba5 Kh7 38. Bc3 Qe7 39. Rf7+ 1-0

[Event "45th FIDE Womens Olympiad 2024"]
[Site "Budapest"]
[Date "2024.09.15"]
[Round "5.179"]
[White "Randriatsiferana, Dimbiharentsoa Chris"]
[Black "Helgadottir, Idunn"]
[Result "1-0"]
[ECO "C44"]
[WhiteElo "1736"]
[BlackElo "1837"]
[PlyCount "67"]
[EventDate "2024.09.05"]
[EventType "team-tourn"]
[EventCountry "HUN"]
[WhiteTeam "Madagascar"]
[BlackTeam "Iceland"]
[WhiteTeamCountry "MAD"]
[BlackTeamCountry "ISL"]
[TimeControl "40/5400+30:1800+30"]

1. e4 Nc6 2. Nf3 e5 3. d4 exd4 4. Bc4 Bc5 5. c3 dxc3 6. Bxf7+ Kxf7 7. Qd5+ Kf8 8. Qxc5+ d6 9. Qxc3 Qf6 10. O-O Bg4 11. Bg5 Qxc3 12. Nxc3 Bxf3 13. gxf3 h6 14. Be3 Nf6 15. Rad1 a6 16. Bd4 Kf7 17. Rfe1 Rae8 18. f4 Rhf8 19. Bxf6 gxf6 20. Re3 Rg8+ 21. Rg3 f5 22. f3 Ne7 23. Kf2 Ng6 24. Rd5 Nh4 25. Rh3 Ng6 26. Rxf5+ Kg7 27. Nd5 Ref8 28. Rxf8 Rxf8 29. Rg3 Kh7 30. Ke3 c6 31. f5 Ne5 32. Nb6 Rf6 33. f4 Nf7 34. Nd7 1-0

[Event "45th FIDE Womens Olympiad 2024"]
[Site "Budapest"]
[Date "2024.09.15"]
[Round "5.180"]
[White "Briem, Gudrun Fanney"]
[Black "Tsinjoviniavo, Aina Mahasambatra"]
[Result "1-0"]
[ECO "D13"]
[WhiteElo "1764"]
[BlackElo "1662"]
[PlyCount "81"]
[EventDate "2024.09.05"]
[EventType "team-tourn"]
[EventCountry "HUN"]
[WhiteTeam "Iceland"]
[BlackTeam "Madagascar"]
[WhiteTeamCountry "ISL"]
[BlackTeamCountry "MAD"]
[TimeControl "40/5400+30:1800+30"]

1. d4 d5 2. c4 c6 3. cxd5 cxd5 4. Bf4 Nc6 5. e3 Nf6 6. Nc3 a6 7. Nf3 Bg4 8. Be2 e6 9. Qb3 b5 10. h3 Na5 11. Bxb5+ Nd7 12. Bxd7+ Qxd7 13. Qa4 Bxf3 14. gxf3 Nc4 15. b3 Nb2 16. Qxd7+ Kxd7 17. Kd2 Bb4 18. Rab1 Rhc8 19. Rhc1 Ba3 20. Rc2 Rc6 21. Rcxb2 Bxb2 22. Rxb2 Rac8 23. Na4 f6 24. Nc5+ Ke7 25. b4 g5 26. Bg3 Rg8 27. Rb3 Rb6 28. Kc3 h5 29. Ra3 Rc8 30. Kb3 Ra8 31. Ra5 f5 32. a4 Kf6 33. Nd7+ Kg6 34. Nxb6 Rg8 35. Rxa6 h4 36. Be5 Kh5 37. Nd7 Rg6 38. Nf6+ Kh6 39. Ra7 g4 40. Rh7+ Kg5 41. f4# 1-0

[Event "45th FIDE Womens Olympiad 2024"]
[Site "Budapest"]
[Date "2024.09.15"]
[Round "5.181"]
[White "Shohradova, Lala"]
[Black "Jop A., Laura Elizabeth"]
[Result "1-0"]
[ECO "D60"]
[WhiteElo "2030"]
[BlackElo "1686"]
[PlyCount "75"]
[EventDate "2024.09.05"]
[EventType "team-tourn"]
[EventCountry "HUN"]
[WhiteTeam "Turkmenistan"]
[BlackTeam "Guatemala"]
[WhiteTeamCountry "TKM"]
[BlackTeamCountry "GUA"]
[TimeControl "40/5400+30:1800+30"]

1. d4 d5 2. c4 c6 3. Nc3 Nf6 4. Nf3 e6 5. Bg5 Be7 6. e3 h6 7. Bh4 Nbd7 8. cxd5 Nxd5 9. Bxe7 Qxe7 10. Bd3 O-O 11. O-O Re8 12. Qd2 b6 13. e4 N5f6 14. e5 Nd5 15. Ne4 c5 16. Nd6 Rd8 17. Be4 cxd4 18. Bxd5 exd5 19. Rfe1 Nc5 20. Nxd4 Bb7 21. N4f5 Qd7 22. Qf4 Ne6 23. Nxh6+ gxh6 24. Qxh6 d4 25. Ne4 Bxe4 26. Rxe4 Nf8 27. e6 Qd5 28. Rg4+ Ng6 29. exf7+ Kxf7 30. Qxg6+ Ke7 31. Qg7+ Kd6 32. Rxd4 Qxd4 33. Qxd4+ Kc6 34. Rc1+ Kb7 35. Qe4+ Ka6 36. h4 Rh8 37. Rc4 Rae8 38. Ra4+ 1-0

[Event "45th FIDE Womens Olympiad 2024"]
[Site "Budapest"]
[Date "2024.09.15"]
[Round "5.182"]
[White "Raymundo, Deycy Daniela"]
[Black "Shohradova, Leyla"]
[Result "0-1"]
[ECO "C01"]
[WhiteElo "1728"]
[BlackElo "1873"]
[PlyCount "90"]
[EventDate "2024.09.05"]
[EventType "team-tourn"]
[EventCountry "HUN"]
[WhiteTeam "Guatemala"]
[BlackTeam "Turkmenistan"]
[WhiteTeamCountry "GUA"]
[BlackTeamCountry "TKM"]
[TimeControl "40/5400+30:1800+30"]

1. e4 e6 2. d4 d5 3. exd5 exd5 4. Bd3 Bd6 5. h3 h6 6. Nf3 Ne7 7. Nc3 c6 8. Qe2 Qc7 9. O-O O-O 10. Nd1 Nd7 11. Ne3 Nf6 12. Nh4 Bf4 13. Nef5 Nxf5 14. Nxf5 Bxf5 15. Bxf5 Bxc1 16. Raxc1 Rae8 17. Qd2 Re7 18. Rfe1 Rfe8 19. Qb4 Qf4 20. Bd3 c5 21. Qc3 cxd4 22. Qb4 a5 23. Qxa5 Ne4 24. f3 Nf6 25. Rcd1 Re3 26. Qb4 Qg3 27. Rxe3 dxe3 28. Qe1 Qe5 29. c3 Nh5 30. Be2 Re6 31. Rd4 Nf4 32. Kh1 Rg6 33. g4 Nxh3 34. Qh4 Nf4 35. Qh2 Rf6 36. a4 h5 37. gxh5 Rf5 38. Kg1 Nxe2+ 39. Qxe2 Rxh5 40. Rg4 Qe6 41. Rg3 Qf5 42. Kg2 Qh7 43. Qxe3 Rh2+ 44. Kg1 Rh1+ 45. Kf2 Qc2+ {0-} 0-1

[Event "45th FIDE Womens Olympiad 2024"]
[Site "Budapest"]
[Date "2024.09.15"]
[Round "5.183"]
[White "Rejepova, Jahan"]
[Black "Santiago Sontay, Jenny Fernanda"]
[Result "1-0"]
[ECO "D35"]
[WhiteElo "1915"]
[BlackElo "1773"]
[PlyCount "101"]
[EventDate "2024.09.05"]
[EventType "team-tourn"]
[EventCountry "HUN"]
[WhiteTeam "Turkmenistan"]
[BlackTeam "Guatemala"]
[WhiteTeamCountry "TKM"]
[BlackTeamCountry "GUA"]
[TimeControl "40/5400+30:1800+30"]

1. d4 d5 2. c4 e6 3. Nc3 Nf6 4. cxd5 exd5 5. Bg5 Be7 6. e3 Bf5 7. Qb3 Qc8 8. Bxf6 Bxf6 9. Nxd5 Bd8 10. Nc3 O-O 11. Nf3 Nd7 12. Be2 c6 13. O-O h6 14. Rac1 Nb6 15. Qd1 Bc7 16. e4 Bh7 17. Qd2 Qe6 18. Bd3 Rad8 19. Rfe1 Qg4 20. h3 Qh5 21. Ne2 Qg6 22. Nf4 Qf6 23. e5 Qe7 24. Bxh7+ Kxh7 25. Qc2+ Kg8 26. Nd3 Nd5 27. Nc5 Bb6 28. Ne4 Nb4 29. Qc4 Nd5 30. Nd6 Nf4 31. Qc2 Ne6 32. Qe4 Ng5 33. Nxg5 Qxg5 34. f4 Qe7 35. Kh1 Ba5 36. Re2 Bb4 37. Nf5 Qe6 38. a3 Ba5 39. Nd6 Qb3 40. f5 Bc7 41. Rc3 Qb6 42. f6 Bxd6 43. Rg3 g5 44. Qh4 Kh7 45. Rxg5 Rg8 46. Rxg8 Rxg8 47. exd6 Qb3 48. Qe4+ Kh8 49. d7 Qd1+ 50. Kh2 Qb3 51. Qe3 1-0

[Event "45th FIDE Womens Olympiad 2024"]
[Site "Budapest"]
[Date "2024.09.15"]
[Round "5.184"]
[White "Mazariegos, Silvia Carolina"]
[Black "Arazmedova, Enesh"]
[Result "0-1"]
[ECO "D00"]
[WhiteElo "1878"]
[BlackElo "1761"]
[PlyCount "86"]
[EventDate "2024.09.05"]
[EventType "team-tourn"]
[EventCountry "HUN"]
[WhiteTeam "Guatemala"]
[BlackTeam "Turkmenistan"]
[WhiteTeamCountry "GUA"]
[BlackTeamCountry "TKM"]
[TimeControl "40/5400+30:1800+30"]

1. d4 Nf6 2. Nc3 d5 3. Bf4 c5 4. e3 g6 5. Nf3 Bg7 6. Be2 O-O 7. O-O cxd4 8. exd4 Nc6 9. Re1 Ne4 10. Nb5 Bf5 11. c3 a6 12. Na3 Rc8 13. Nc2 Qb6 14. Rb1 e5 15. Be3 Qa5 16. Ra1 Rfd8 17. dxe5 Nxe5 18. Nxe5 Bxe5 19. Nd4 Bd7 20. Nf3 Bg7 21. Bd4 Nf6 22. Bd3 b5 23. Re7 Be6 24. Ng5 Re8 25. Rxe8+ Rxe8 26. Qf3 Qd8 27. h3 Bc8 28. Qd1 Ne4 29. Nf3 f6 30. Qc2 Qc7 31. Re1 Bb7 32. Nd2 f5 33. Bxg7 Kxg7 34. Nb3 Rc8 35. Qe2 Qb6 36. Nd4 b4 37. Qe3 Qf6 38. f3 bxc3 39. fxe4 dxe4 40. Bb1 f4 41. Qe2 Qxd4+ 42. Kh1 cxb2 43. Rd1 Rc1 {0-} 0-1

[Event "45th FIDE Womens Olympiad 2024"]
[Site "Budapest"]
[Date "2024.09.15"]
[Round "5.185"]
[White "Chuemsakul, Sarocha"]
[Black "Zhang, Jasmine Haomo"]
[Result "1-0"]
[ECO "D36"]
[WhiteElo "1906"]
[BlackElo "1956"]
[PlyCount "115"]
[EventDate "2024.09.05"]
[EventType "team-tourn"]
[EventCountry "HUN"]
[WhiteTeam "Thailand"]
[BlackTeam "New Zealand"]
[WhiteTeamCountry "THA"]
[BlackTeamCountry "NZL"]
[TimeControl "40/5400+30:1800+30"]

1. d4 d5 2. c4 e6 3. Nc3 Be7 4. Nf3 Nf6 5. Bg5 Nbd7 6. e3 c6 7. cxd5 exd5 8. Bd3 O-O 9. Qc2 Re8 10. O-O Nf8 11. Rab1 a5 12. a3 Ne4 13. Bxe7 Qxe7 14. b4 axb4 15. axb4 Ra3 16. Bxe4 dxe4 17. Ne5 Ng6 18. Nc4 Ra7 19. b5 Nh4 20. Kh1 Be6 21. Nd2 f5 22. bxc6 bxc6 23. Rb6 Qc7 24. Rfb1 Ng6 25. Na4 Bd5 26. Nc3 Be6 27. Qb2 Rea8 28. Qb4 Ne7 29. g3 Kf7 30. Nb3 Nc8 31. d5 Bxd5 32. Nxd5 cxd5 33. Rb5 Ne7 34. Rc1 Qe5 35. Na5 Rc7 36. Nc4 Rxc4 37. Qxc4 Rc8 38. Qf1 Rd8 39. Qe1 Qe6 40. Qa5 Rd6 41. Rb7 Rc6 42. Rxc6 Qxc6 43. Qb4 Qf6 44. Qc5 Qe5 45. Kg2 g5 46. Qc7 Qxc7 47. Rxc7 f4 48. gxf4 gxf4 49. Kh3 fxe3 50. fxe3 Ke6 51. Kg3 h6 52. Ra7 Kd6 53. Ra6+ Nc6 54. Kf4 Kc5 55. Ra8 Nb4 56. Rc8+ Kd6 57. Rh8 Nd3+ 58. Kf5 1-0

[Event "45th FIDE Womens Olympiad 2024"]
[Site "Budapest"]
[Date "2024.09.15"]
[Round "5.186"]
[White "Ning, Isabelle Yixuan"]
[Black "Prommuang, Araya"]
[Result "1/2-1/2"]
[ECO "A85"]
[WhiteElo "1915"]
[BlackElo "1753"]
[PlyCount "81"]
[EventDate "2024.09.05"]
[EventType "team-tourn"]
[EventCountry "HUN"]
[WhiteTeam "New Zealand"]
[BlackTeam "Thailand"]
[WhiteTeamCountry "NZL"]
[BlackTeamCountry "THA"]
[TimeControl "40/5400+30:1800+30"]

1. d4 d5 2. c4 e6 3. Nc3 c6 4. e3 Bd6 5. Nf3 f5 6. Bd3 Nf6 7. O-O Ne4 8. Ne5 Qf6 9. f4 Nd7 10. Qb3 Bxe5 11. fxe5 Qe7 12. cxd5 exd5 13. Nxe4 dxe4 14. Be2 Nb6 15. Bd2 Be6 16. Qc2 O-O 17. b4 g5 18. a4 Rac8 19. a5 Nd5 20. Bc4 Nc7 21. Rac1 Bd5 22. Qb3 Qd7 23. Bxd5+ Nxd5 24. a6 Kh8 25. axb7 Qxb7 26. Rc5 f4 27. Rfc1 f3 28. gxf3 exf3 29. Be1 Qf7 30. R5c2 Qf5 31. b5 Qg4+ 32. Bg3 h5 33. bxc6 h4 34. Qxd5 hxg3 35. hxg3 Qxg3+ 36. Kf1 Qh3+ 37. Kg1 Qg3+ 38. Kf1 Qh3+ 39. Kg1 Qg3+ 40. Kf1 Qh3+ 41. Kg1 1/2-1/2

[Event "45th FIDE Womens Olympiad 2024"]
[Site "Budapest"]
[Date "2024.09.15"]
[Round "5.187"]
[White "Mekarapiruk, Nathasha"]
[Black "Chang, Yolanda"]
[Result "1/2-1/2"]
[ECO "B33"]
[WhiteElo "1728"]
[BlackElo "1908"]
[PlyCount "96"]
[EventDate "2024.09.05"]
[EventType "team-tourn"]
[EventCountry "HUN"]
[WhiteTeam "Thailand"]
[BlackTeam "New Zealand"]
[WhiteTeamCountry "THA"]
[BlackTeamCountry "NZL"]
[TimeControl "40/5400+30:1800+30"]

1. e4 c5 2. Nf3 Nc6 3. d4 cxd4 4. Nxd4 Nf6 5. Nc3 e5 6. Ndb5 d6 7. Bg5 a6 8. Na3 b5 9. Nd5 Be7 10. Bxf6 Bxf6 11. c4 b4 12. Nc2 O-O 13. g3 a5 14. Bg2 Rb8 15. Qd3 Bg5 16. O-O Qd7 17. Nce3 Bxe3 18. Nxe3 Nd4 19. b3 Kh8 20. Rad1 Rd8 21. Rd2 Qe7 22. Rfd1 h5 23. Nc2 Ne6 24. Qe2 g6 25. Rd5 Nc5 26. Qd2 Be6 27. Rxd6 Rxd6 28. Qxd6 Qxd6 29. Rxd6 a4 30. bxa4 Nxa4 31. Ra6 Nc3 32. Ne3 Rc8 33. a3 Bxc4 34. Nxc4 Rxc4 35. axb4 Rxb4 36. f3 Ne2+ 37. Kf1 Nd4 38. f4 exf4 39. gxf4 Ne6 40. f5 gxf5 41. exf5 Rf4+ 42. Kg1 Rxf5 43. Ra3 Rg5 44. Rg3 Kg7 45. Rxg5+ Nxg5 46. Kf2 Kg6 47. Kg3 f5 48. Bc6 Ne4+ 1/2-1/2

[Event "45th FIDE Womens Olympiad 2024"]
[Site "Budapest"]
[Date "2024.09.15"]
[Round "5.188"]
[White "Braganza, Nadia"]
[Black "Tawankanjana, Sasinat"]
[Result "1-0"]
[ECO "A14"]
[WhiteElo "1890"]
[BlackElo "1612"]
[PlyCount "47"]
[EventDate "2024.09.05"]
[EventType "team-tourn"]
[EventCountry "HUN"]
[WhiteTeam "New Zealand"]
[BlackTeam "Thailand"]
[WhiteTeamCountry "NZL"]
[BlackTeamCountry "THA"]
[TimeControl "40/5400+30:1800+30"]

1. c4 e6 2. g3 Nf6 3. Bg2 d5 4. Nf3 Be7 5. O-O O-O 6. b3 c5 7. cxd5 Nxd5 8. Bb2 Nc6 9. d4 Bf6 10. e4 Nc7 11. e5 Be7 12. Nc3 b6 13. dxc5 Bxc5 14. Nd2 Bb7 15. Nc4 Rb8 16. Nd6 Bxd6 17. exd6 Ne8 18. d7 Nf6 19. Ba3 Ne7 20. Qd6 Bxg2 21. Kxg2 Ng6 22. Qd3 Ne7 23. Rfd1 Rb7 24. Bxe7 1-0

[Event "45th FIDE Womens Olympiad 2024"]
[Site "Budapest"]
[Date "2024.09.15"]
[Round "5.189"]
[White "Miladi, Amen"]
[Black "Paulo, Jemima"]
[Result "1-0"]
[ECO "B34"]
[WhiteElo "1851"]
[BlackElo "2037"]
[PlyCount "85"]
[EventDate "2024.09.05"]
[EventType "team-tourn"]
[EventCountry "HUN"]
[WhiteTeam "Tunisia"]
[BlackTeam "Angola"]
[WhiteTeamCountry "TUN"]
[BlackTeamCountry "ANG"]
[TimeControl "40/5400+30:1800+30"]

1. e4 c5 2. Nf3 g6 3. d4 cxd4 4. Nxd4 Bg7 5. Nc3 Nc6 6. Be3 Nf6 7. Nxc6 bxc6 8. e5 Ng8 9. Bd4 Nh6 10. e6 O-O 11. Bxg7 Kxg7 12. Qd4+ f6 13. exd7 Nf5 14. dxc8=Q Qxd4 15. Qe6 Rab8 16. Rd1 Qc5 17. Qc4 Qe5+ 18. Qe4 Qa5 19. Qa4 Qe5+ 20. Be2 Rxb2 21. Rd3 Rfb8 22. O-O R8b4 23. Qa3 a5 24. Bd1 Nd6 25. Re3 Qg5 26. Na4 Nc4 27. Rxe7+ Kf8 28. Qd3 Kxe7 29. Re1+ Ne5 30. Nxb2 Rxb2 31. Qa3+ Rb4 32. Qxa5 Qd2 33. Qa7+ Kf8 34. Qc5+ Kg7 35. Qe7+ Kh6 36. Rf1 Nd7 37. Bf3 Rc4 38. Rd1 Qxc2 39. Qxd7 Qxa2 40. g3 Rc2 41. Qh3+ Kg7 42. Rd7+ Kf8 43. Qxh7 1-0

[Event "45th FIDE Womens Olympiad 2024"]
[Site "Budapest"]
[Date "2024.09.15"]
[Round "5.190"]
[White "Caxita, Esperanca"]
[Black "Mefteh, Meyssem"]
[Result "1-0"]
[ECO "B40"]
[WhiteElo "1932"]
[BlackElo "1834"]
[PlyCount "145"]
[EventDate "2024.09.05"]
[EventType "team-tourn"]
[EventCountry "HUN"]
[WhiteTeam "Angola"]
[BlackTeam "Tunisia"]
[WhiteTeamCountry "ANG"]
[BlackTeamCountry "TUN"]
[TimeControl "40/5400+30:1800+30"]

1. e4 c5 2. Nc3 a6 3. Nf3 e6 4. g3 b5 5. Bg2 Bb7 6. d3 b4 7. Nb1 d5 8. exd5 exd5 9. O-O Bd6 10. b3 Ne7 11. Bb2 O-O 12. Nbd2 Nd7 13. Nh4 Qc7 14. Qg4 Be5 15. Bxe5 Nxe5 16. Qf4 Rac8 17. Bh3 N5g6 18. Qg5 Rcd8 19. Rae1 h6 20. Qh5 Nxh4 21. Qxh4 Ng6 22. Qh5 Rde8 23. Bg2 Re5 24. Rxe5 Qxe5 25. Qxe5 Nxe5 26. Re1 Ng6 27. f4 Rd8 28. Kf2 Kf8 29. Nf1 Bc6 30. d4 cxd4 31. Rd1 Bb5 32. Rxd4 Rc8 33. Ne3 Ne7 34. Bxd5 Rd8 35. Rd1 Nxd5 36. Rxd5 Ra8 37. Rd4 a5 38. Rd6 g6 39. Ke1 Ke7 40. Rd4 Bc6 41. Kd2 h5 42. h4 Rc8 43. Nc4 Ra8 44. Ne5 Be8 45. c4 a4 46. Ke3 axb3 47. axb3 Ra3 48. Rd3 f6 49. Nf3 Bd7 50. Nd4 Ra1 51. Nc2 Rc1 52. Nxb4 Bf5 53. Nd5+ Kf7 54. Rc3 Rd1 55. b4 Be6 56. Nc7 Bc8 57. c5 Rd7 58. Nb5 Ba6 59. Nd6+ Ke6 60. b5 Rxd6 61. cxd6 Bxb5 62. Rb3 Bc4 63. Rb6 Bd5 64. Kd4 Ba8 65. d7+ Kxd7 66. Rxf6 Ke7 67. Rxg6 Kf7 68. Rh6 Bf3 69. f5 Bg4 70. Ke5 Kg7 71. Rg6+ Kh7 72. Rxg4 hxg4 73. Kf4 1-0

[Event "45th FIDE Womens Olympiad 2024"]
[Site "Budapest"]
[Date "2024.09.15"]
[Round "5.191"]
[White "Ben Amor, Meriem"]
[Black "Junior, Ednasia"]
[Result "1/2-1/2"]
[ECO "B48"]
[WhiteElo "1733"]
[BlackElo "1888"]
[PlyCount "58"]
[EventDate "2024.09.05"]
[EventType "team-tourn"]
[EventCountry "HUN"]
[WhiteTeam "Tunisia"]
[BlackTeam "Angola"]
[WhiteTeamCountry "TUN"]
[BlackTeamCountry "ANG"]
[TimeControl "40/5400+30:1800+30"]

1. e4 c5 2. Nf3 e6 3. d4 cxd4 4. Nxd4 Nf6 5. Nc3 Nc6 6. Be3 Qc7 7. Qf3 a6 8. Qg3 Qxg3 9. hxg3 Bb4 10. f3 d5 11. g4 dxe4 12. Nxc6 bxc6 13. O-O-O Nd5 14. Bd4 f6 15. Nxe4 e5 16. Bf2 O-O 17. Nc5 Re8 18. Bc4 Bxc5 19. Bxc5 Be6 20. g3 g6 21. Rhe1 Nc7 22. Bxe6+ Nxe6 23. Be3 Rad8 24. c3 Kf7 25. Rh1 Kg8 26. Rhe1 Kf7 27. Rh1 Kg8 28. Rhe1 Kf7 29. Rh1 Kg8 1/2-1/2

[Event "45th FIDE Womens Olympiad 2024"]
[Site "Budapest"]
[Date "2024.09.15"]
[Round "5.192"]
[White "Pires, Luzia"]
[Black "Hasnaoui, Abrar"]
[Result "1-0"]
[ECO "D05"]
[WhiteElo "1877"]
[BlackElo "1595"]
[PlyCount "109"]
[EventDate "2024.09.05"]
[EventType "team-tourn"]
[EventCountry "HUN"]
[WhiteTeam "Angola"]
[BlackTeam "Tunisia"]
[WhiteTeamCountry "ANG"]
[BlackTeamCountry "TUN"]
[TimeControl "40/5400+30:1800+30"]

1. d4 d5 2. Nf3 Nf6 3. e3 e6 4. Nbd2 Bd6 5. Bd3 O-O 6. b3 b6 7. Bb2 Bb7 8. c4 Nbd7 9. Qc2 c5 10. h3 cxd4 11. exd4 e5 12. dxe5 Re8 13. O-O Bxe5 14. Nxe5 Nxe5 15. Bf5 dxc4 16. Nxc4 Qd5 17. Ne3 Qc6 18. Qxc6 Bxc6 19. Rac1 Bd7 20. Bb1 Bb5 21. Rfd1 Ned7 22. a4 Be2 23. Rd2 Bh5 24. b4 Rac8 25. Rxc8 Rxc8 26. Bf5 Kf8 27. Bxd7 Rd8 28. Bxf6 gxf6 29. Rd5 Ke7 30. Nf5+ Kf8 31. Bc6 Rc8 32. b5 Bg6 33. g4 Bxf5 34. gxf5 a6 35. Kg2 axb5 36. axb5 Kg7 37. Kf3 Rc7 38. Rd7 Rc8 39. Rb7 Rd8 40. Rxb6 Rd3+ 41. Kg2 Kf8 42. Rb7 Rc3 43. f3 Rc2+ 44. Kg3 Rc1 45. Be4 Rc8 46. b6 Ke8 47. Ra7 Kd8 48. b7 Rb8 49. Ra8 Kc7 50. Rxb8 Kxb8 51. Kh4 Kc7 52. Kh5 Kb8 53. Kh6 Kc7 54. Kxh7 Kb8 55. h4 1-0

[Event "45th FIDE Womens Olympiad 2024"]
[Site "Budapest"]
[Date "2024.09.15"]
[Round "5.193"]
[White "Cordero, Daniela"]
[Black "Wilson, Hannah"]
[Result "1-0"]
[ECO "D73"]
[WhiteElo "2017"]
[BlackElo "1888"]
[PlyCount "103"]
[EventDate "2024.09.05"]
[EventType "team-tourn"]
[EventCountry "HUN"]
[WhiteTeam "Bolivia"]
[BlackTeam "Barbados"]
[WhiteTeamCountry "BOL"]
[BlackTeamCountry "BAR"]
[TimeControl "40/5400+30:1800+30"]

1. d4 Nf6 2. Nf3 g6 3. c4 Bg7 4. g3 c6 5. Bg2 d5 6. cxd5 cxd5 7. Ne5 Ne4 8. Qa4+ Nd7 9. f3 Nef6 10. Bd2 O-O 11. Ba5 b6 12. Nc6 Qe8 13. Bb4 Nc5 14. dxc5 b5 15. Qxb5 a5 16. Bc3 Bd7 17. Nxe7+ Qxe7 18. c6 Rfb8 19. Qa4 Be8 20. Nd2 Qe6 21. Nb3 Bxc6 22. Qh4 Re8 23. O-O a4 24. Nd4 Qe3+ 25. Kh1 g5 26. Qh3 Bd7 27. Nf5 Qe6 28. Nxg7 Kxg7 29. Bxf6+ Kxf6 30. Qh6+ Ke7 31. Qxg5+ Kf8 32. f4 Bc6 33. f5 Qe3 34. Rf4 Rec8 35. f6 Qe6 36. Qh6+ Ke8 37. Qxh7 Kd8 38. Qd3 Kc7 39. Rc1 Kd6 40. Re1 Rh8 41. e4 Rh5 42. Rd1 Ra5 43. Qc3 Rb5 44. Rc1 Kd7 45. exd5 Rbxd5 46. Re4 Qd6 47. Rce1 Rd2 48. Re7+ Kd8 49. Bxc6 Rdxh2+ 50. Kg1 R2h3 51. Re8+ Kc7 52. R1e7+ 1-0

[Event "45th FIDE Womens Olympiad 2024"]
[Site "Budapest"]
[Date "2024.09.15"]
[Round "5.194"]
[White "Blackman, Katrina"]
[Black "Monroy G., Nataly A."]
[Result "0-1"]
[ECO "A48"]
[WhiteElo "1814"]
[BlackElo "1939"]
[PlyCount "108"]
[EventDate "2024.09.05"]
[EventType "team-tourn"]
[EventCountry "HUN"]
[WhiteTeam "Barbados"]
[BlackTeam "Bolivia"]
[WhiteTeamCountry "BAR"]
[BlackTeamCountry "BOL"]
[TimeControl "40/5400+30:1800+30"]

1. e3 g6 2. d4 Bg7 3. Nf3 Nf6 4. Be2 O-O 5. O-O c5 6. c3 d6 7. Na3 b6 8. Nc2 Bb7 9. b4 Nbd7 10. bxc5 dxc5 11. Bb2 Qc7 12. h3 e5 13. Rc1 Rad8 14. Na3 Qb8 15. Qb3 Ne4 16. d5 c4 17. Bxc4 Ndc5 18. Qc2 Bxd5 19. Bxd5 Rxd5 20. c4 Rd3 21. Rcd1 Rfd8 22. Nb5 a6 23. Nc3 Nxc3 24. Bxc3 e4 25. Nd4 Qc7 26. Ba1 Rxd1 27. Rxd1 Rc8 28. Nb3 Bxa1 29. Rxa1 Nd3 30. Nd2 Qe5 31. Rd1 b5 32. Nxe4 Qxe4 33. Qxd3 Qxd3 34. Rxd3 Rxc4 35. Ra3 Rc1+ 36. Kh2 Rc6 37. Kg3 Kf8 38. Rd3 Ke7 39. Kf3 Ke6 40. Rd4 a5 41. Ke2 Rc2+ 42. Rd2 Rc3 43. f3 f5 44. g4 b4 45. g5 Rc1 46. Rd1 Rxd1 47. Kxd1 Kd5 48. Ke2 Kc4 49. e4 fxe4 50. fxe4 Kd4 51. Kf3 a4 52. Kf4 b3 53. e5 b2 54. e6 b1=Q {0-} 0-1

[Event "45th FIDE Womens Olympiad 2024"]
[Site "Budapest"]
[Date "2024.09.15"]
[Round "5.195"]
[White "Yepez Montenegro, Gloria Luz"]
[Black "Reifer-Belle, Chanon"]
[Result "1/2-1/2"]
[ECO "D51"]
[WhiteElo "1818"]
[BlackElo "1736"]
[PlyCount "107"]
[EventDate "2024.09.05"]
[EventType "team-tourn"]
[EventCountry "HUN"]
[WhiteTeam "Bolivia"]
[BlackTeam "Barbados"]
[WhiteTeamCountry "BOL"]
[BlackTeamCountry "BAR"]
[TimeControl "40/5400+30:1800+30"]

1. d4 d5 2. c4 c6 3. cxd5 cxd5 4. Nc3 Nf6 5. Bg5 e6 6. e3 Be7 7. Bd3 Nbd7 8. Nf3 h6 9. Bf4 O-O 10. O-O a6 11. h3 b5 12. Rc1 Bb7 13. Nd2 Qb6 14. Qb3 Rfc8 15. Bb1 Rc6 16. Ne2 Rac8 17. Rxc6 Rxc6 18. Rc1 Rxc1+ 19. Nxc1 Qc6 20. Qc2 Nb6 21. b3 Nc8 22. Nd3 Qxc2 23. Bxc2 Nd7 24. b4 Ncb6 25. Nb3 Nc4 26. Nbc5 Nxc5 27. Nxc5 Bxc5 28. dxc5 Bc6 29. Bc7 Kf8 30. Kf1 Ke7 31. Ke2 Kd7 32. Bg3 a5 33. f3 axb4 34. Be1 Kc7 35. Bxb4 Be8 36. f4 Kb7 37. Kd3 f6 38. Ke2 Ka6 39. g4 Na5 40. h4 Nc6 41. a3 Kb7 42. Bd3 Nb8 43. c6+ Kxc6 44. Bf8 g6 45. Bxh6 f5 46. Kf3 Nd7 47. Bg7 Nb6 48. Bf8 Nc4 49. Bc2 fxg4+ 50. Kg3 Nxe3 51. Bd3 Kb6 52. Bb4 Kc6 53. Bf8 Bf7 54. Bb4 1/2-1/2

[Event "45th FIDE Womens Olympiad 2024"]
[Site "Budapest"]
[Date "2024.09.15"]
[Round "5.196"]
[White "Eversley, Kiarra"]
[Black "Gareca Ordonez, Carla Angelica"]
[Result "0-1"]
[ECO "B92"]
[WhiteElo "1615"]
[BlackElo "1778"]
[PlyCount "81"]
[EventDate "2024.09.05"]
[EventType "team-tourn"]
[EventCountry "HUN"]
[WhiteTeam "Barbados"]
[BlackTeam "Bolivia"]
[WhiteTeamCountry "BAR"]
[BlackTeamCountry "BOL"]
[TimeControl "40/5400+30:1800+30"]

1. e4 c5 2. Nf3 d6 3. d4 cxd4 4. Nxd4 Nf6 5. Nc3 a6 6. Be2 e5 7. Nb3 Be6 8. Bg5 Nbd7 9. Qd2 Be7 10. f3 h6 11. Be3 Rc8 12. O-O-O b5 13. Kb1 Nb6 14. a3 Nc4 15. Bxc4 bxc4 16. Nc1 Rb8 17. Nd5 Bxd5 18. exd5 Rb5 19. Qc3 Nxd5 20. Rxd5 Rxd5 21. Qxc4 Qa8 22. Qa4+ Kf8 23. c4 Rc5 24. Bxc5 dxc5 25. Re1 f6 26. Ne2 Kf7 27. Nc3 Qb7 28. Nd5 Rb8 29. Qc2 Bd8 30. Ka2 a5 31. Re3 g6 32. Rb3 Qxb3+ 33. Qxb3 Rxb3 34. Kxb3 f5 35. Ka4 Ke6 36. Kb5 Kd6 37. Nb6 Bxb6 38. Kxb6 a4 39. Kb5 e4 40. fxe4 fxe4 41. Kxa4 {0-} 0-1